 Dungeon Crawl Stone Soup version 0.31-a0-232-gb1c03b2570 (webtiles) character file.

Game seed: 12321307660617480645

44 qw the Shooter (level 3, -1/21 HPs)
             Began as a Gargoyle Hexslinger on July 7, 2023.
             Slain by Natasha (2 damage)
             ... on level 2 of the Dungeon.
             The game lasted 00:00:21 (1183 turns).

qw the Shooter (Gargoyle Hexslinger)                Turns: 1183, Time: 00:00:22

Health: -1/21      AC:  7    Str: 11    XL:     3   Next: 60%
Magic:  4/4        EV: 11    Int: 13    God:
Gold:   69         SH:  0    Dex: 14    Spells: 3/4 levels left

rFire   . . .        Y - +2 sling
rCold   . . .        (no shield)
rNeg    + . .        d - +0 leather armour
rPois   inf          l - +0 helmet
rElec   +            (no cloak)
rCorr   .            (no gloves)
SInv    .            (no boots)
Will    .....        (no amulet)
Stlth   +            (no ring)
HPRegen 0.23/turn    (no ring)
MPRegen 0.09/turn

%: no passive effects
@: no status effects
A: sickness immunity, AC +3, negative energy resistance 1, electricity
resistance, torment resistance 1, petrification resistance
a: no special abilities


You were on level 2 of the Dungeon.
You visited 1 branch of the dungeon, and saw 2 of its levels.

You collected 69 gold pieces.


Innate Abilities, Weirdness & Mutations

You are immune to sickness and miasma.
Your stone body is resilient. (AC +3)
You are immune to poison.
You resist negative energy. (rN+)
You are resistant to electric shocks. (rElec)
You are resistant to unholy torment.
You are immune to petrification.


   Skills:
 - Level 2.0 Fighting
 + Level 3.5 Ranged Weapons
 - Level 1.5 Dodging
 - Level 1.0 Spellcasting
 - Level 2.6 Hexes


You had 3 spell levels left.
You knew the following spells:

 Your Spells              Type           Power      Damage    Failure   Level
a - Slow                  Hex            28%        N/A       12%         1

Your spell library contained the following spells:

 Spells                   Type           Power      Damage    Failure   Level
 Inner Flame              Hex/Fire       4%         N/A       54%         3
 Portal Projectile        Hex/Tloc       8%         N/A       54%         3
 Cause Fear               Hex            3%         N/A       77%         4

Inventory:

Hand Weapons
 Y - a +2 sling (weapon)
Armour
 d - a +0 leather armour (worn)
 l - a +0 helmet (worn)
Jewellery
 c - a ring of fire
Scrolls
 b - a scroll of noise {unknown}
 g - a scroll of amnesia {unknown}
Potions
 a - a potion of curing {unknown}
 e - a potion of haste {unknown}
 f - a potion of might
 h - a potion of enlightenment {unknown}

Dungeon Overview and Level Annotations

Branches:
Dungeon (2/15)

Altars:

Annotations:
D:2 Natasha


Message History

You shoot a sling bullet. The sling bullet barely misses Natasha.
Natasha mumbles some strange words.
Natasha stares at you and mumbles some strange words.
The magic dart hits you but does no damage.
You shoot a sling bullet.
The sling bullet barely misses the cerulean imp.
The cerulean imp barely misses you.
You shoot a sling bullet.
The sling bullet barely misses the cerulean imp.
The cerulean imp hits you but does no damage.
Natasha casts a spell.
You shoot a sling bullet.
The sling bullet hits the cerulean imp but does no damage.
The cerulean imp hits you with a +2 spear.
Natasha barely misses you. The cerulean imp barely misses you.
You shoot a sling bullet. The sling bullet hits the cerulean imp!
The cerulean imp is heavily wounded.
The cerulean imp hits you with a +2 spear.
Natasha wildly gestures.
Natasha shimmers violently.
Natasha closely misses you. The cerulean imp barely misses you.
The cerulean imp hits you with a +2 spear.
You shoot a sling bullet.
The sling bullet misses the cerulean imp.
Natasha claws you.
The cerulean imp hits you from afar with a +1 spear.
The cerulean imp barely misses you. Natasha closely misses you.
You shoot a sling bullet. The sling bullet hits the cerulean imp.
The cerulean imp is almost dead.
The cerulean imp hits you but does no damage. x2
Natasha claws you.
The cerulean imp hits you from afar with a +1 spear.
You shoot a sling bullet.
The sling bullet barely misses the cerulean imp.
The cerulean imp hits you but does no damage.
Natasha closely misses you. The cerulean imp barely misses you.
You shoot a sling bullet.
The sling bullet barely misses the cerulean imp.
The cerulean imp barely misses you. Natasha claws you.
You die...

#......##..... #.##.#.#
#.#
###..###...........#....#
#.# #....# #...........
###.. ..#
#.#..###.###.#.#.## #..
... .##.#......# .###..#
#.#
..........#####.#.#.###.
#.##.#......?.5.........
#.##########..##.### #.
#h@# .. .....?5.!......
....#..........
#.#............ #
....######### #####


You could see Natasha and 2 cerulean imps.

Vanquished Creatures
  A gnoll (D:1)
  2 dart slugs (D:1)
  3 endoplasms
  2 giant cockroaches (D:1)
  3 hobgoblins
  3 kobolds
  3 quokkas (D:1)
  5 ball pythons (D:1)
  A bat (D:2)
  A frilled lizard (D:1)
  4 rats
28 creatures vanquished.

Notes
Turn   | Place    | Note
-------+----------+-------------------------------------------
     0 | D:1      | qw the Gargoyle Hexslinger began the quest for the Orb.
     0 | D:1      | Reached XP level 1. HP: 12/12 MP: 2/2
     0 | D:1      | 0 ||| qw: Version: 0.3-a-46-gb1f654a
     0 | D:1      | 0 ||| qw: Game counter: 2792
     0 | D:1      | 0 ||| qw: Melee chars always use a shield: true
     0 | D:1      | 0 ||| qw: God list: Okawaru
     0 | D:1      | 0 ||| qw: Allow faded altars: false
     0 | D:1      | 0 ||| qw: Do Orc after clearing Dungeon:15 true
     0 | D:1      | 0 ||| qw: Do second Lair branch before Depths: true
     0 | D:1      | 0 ||| qw: Lair rune preference: random
     0 | D:1      | 0 ||| qw: Goals: Normal
     0 | D:1      | 0 ||| PLANNING D:1-11
   244 | D:1      | Reached XP level 2. HP: 16/16 MP: 3/3
   298 | D:1      | Reached skill level 3 in Ranged Weapons
   636 | D:1      | Reached XP level 3. HP: 21/21 MP: 4/4
   990 | D:1      | 990 ||| UPGRADING to +0 leather armour.
  1000 | D:1      | 1000 ||| DROPPING +0 robe.
  1001 | D:1      | 1001 ||| UPGRADING to +0 helmet.
  1006 | D:1      | 1006 ||| READING scroll labelled ACEAZO KILL.
  1007 | D:1      | 1007 ||| READING scroll labelled NOESABR WIGGU.
  1008 | D:1      | 1008 ||| READING scroll labelled PORUPN TEUL.
  1009 | D:1      | 1009 ||| READING scroll labelled TIAHUKA EQICSI.
  1010 | D:1      | 1010 ||| READING scroll labelled USIAMA QICIMOPT.
  1011 | D:1      | 1011 ||| DRINKING 2 emerald potions.
  1012 | D:1      | 1012 ||| DROPPING scroll of poison.
  1173 | D:2      | Noticed Natasha
  1181 | D:2      | HP: 4/21 [Natasha (5)]
  1181 | D:2      | HP: 1/21 [cerulean imp/+1 spear[Natasha] (3)]
  1183 | D:2      | Slain by Natasha

Levels and vault maps discovered:
D:1:      dpeg_arrival_radiant, layout_loops_corners
D:2:      layout_loops_ring, basic_altar, minmay_nonomino_d4, uniq_natasha

Skill      XL: |  1  2  3 |
---------------+----------+-----
Ranged Weapons | 3 |  3.5
Fighting       | 2 |  2.0
Dodging        | |  1.5
Spellcasting   | |  1.0
Hexes          | |  2.6

Action                     || total
---------------------------++-------
   Fire: Sling             ||    78
    Use: Scroll            ||     5
         Potion            ||     1
 Armour: Robe              ||     2
         Leather armour    ||     5
  Dodge: Dodged            ||    26

Table legend:
 A = Non-vault XP
 B = Vault XP
 C = Vault XP percentage of total XP
 D = Non-vault monster count
 E = Vault monster count
 F = Vault count percentage of total count
                 A         B        C        D         E       F
            +---------+---------+-------+---------+---------+-------
      Total |      63 |       0 |   0.0 |      28 |       0 |   0.0
            +---------+---------+-------+---------+---------+-------
        D:1 |      56 |       0 |   0.0 |      23 |       0 |   0.0
        D:2 |       7 |       0 |   0.0 |       5 |       0 |   0.0
            +---------+---------+-------+---------+---------+-------
